 Dungeon Crawl Stone Soup version 0.31-a0-431-g88bdf31460 (webtiles) character file.

Game seed: 13176968436030129683

31 Flugkiller the Changeling (level 3, 0/21 HPs)
             Began as a Deep Elf Shapeshifter on July 31, 2023.
             Slain by Terence
             ... wielding a +0 hand axe
              (4 damage)
             ... on level 2 of the Dungeon.
             The game lasted 00:01:10 (1403 turns).

Flugkiller the Changeling (Deep Elf Shapeshifter)   Turns: 1403, Time: 00:01:10

Health: 0/21       AC:  5    Str: 12    XL:     3   Next: 7%
Magic:  5/5        EV: 11    Int: 12    God:
Gold:   37         SH:  0    Dex: 17    Spells: 2/2 levels left

rFire   . .          .
                       - Unarmed
rCold   . . .        (no shield)
rNeg    . . .        j - +0 ring mail
rPois   .            (helmet currently unavailable)
rElec   .            (cloak currently unavailable)
rCorr   .            (gloves currently unavailable)
SInv    .            (boots currently unavailable)
Will    .....        (no amulet)
Stlth   +            (no ring)
HPRegen 0.23/turn    (no ring)
MPRegen 0.09/turn

%: no passive effects
@: beast-form
A: beast (slay +2)
a: Begin Untransformation


You were on level 2 of the Dungeon.
You were a hulking beast.
You visited 1 branch of the dungeon, and saw 2 of its levels.

You collected 37 gold pieces.

Inventory:

Armour
 a - a +0 animal skin
 j - a +0 ring mail (worn)
   (You found it on level 1 of the Dungeon)
Talismans
 c - a beast talisman (active)
 g - a blade talisman
   (You found it on level 1 of the Dungeon)
Scrolls
 d - a scroll of fog {unknown}
 e - 2 scrolls of amnesia
 f - 2 scrolls of summoning {unknown}
 h - 3 scrolls of enchant armour {unknown}
 k - a scroll of noise {unknown}
 t - a scroll of teleportation
Potions
 b - a potion of lignification
 i - 2 potions of heal wounds {unknown}
 l - a potion of berserk rage {unknown}
 m - a potion of brilliance {unknown}


   Skills:
 - Level 2.0 Fighting
 - Level 2.4 Dodging
 - Level 2.4 Unarmed Combat
 + Level 3.7 Shapeshifting


You had 2 spell levels left.
You didn't know any spells.
Your spell library contained the following spells:

 Spells                   Type           Power      Damage    Failure   Level
 Leda's Liquefaction      Hex/Erth       0%         N/A       100%        4
 Lee's Rapid Deconstruct  Erth           0%         3d4*      100%        5
 Leda's Unmaking          Conj/Erth      0%         9d1       100%        6


Dungeon Overview and Level Annotations

Branches:
Dungeon (2/15) Zot: 10599

Altars:

Annotations:
D:2 Terence


Message History

The giant cockroach bites you but does no damage.
You barely miss the giant cockroach.
The giant cockroach is almost dead.
The giant cockroach bites you but does no damage.
You hit the giant cockroach.
You kill the giant cockroach!
You have reached level 3!
Your experience leads to an increase in your attributes!
Increase (S)trength, (I)ntelligence, or (D)exterity?
You feel agile. x2
h - 3 scrolls labelled VIL HOQYSKOPNA You see here a giant cockroach corpse.
k - a scroll labelled LIEN BANYOTT A rat comes into view.
A rat is nearby!
A rat is nearby!
Found 8 gold pieces.
The rat bites you.
You barely miss the rat. The rat closely misses you.
You punch the rat!
You kill the rat!
No target in view!
No target in view!
No target in view!
No target in view!
No target in view!
No target in view!
No target in view!
No target in view!
You see here a rat corpse.
You now have 37 gold pieces (gained 8).
Found a stone staircase leading down.
There is a stone staircase leading down here.
You pick up a book of the Earth and begin reading...
You add the spells Leda's Liquefaction, Lee's Rapid Deconstruction and Leda's Unmaking to your library.
Found 6 stones.
No target in view!
No target in view!
No target in view!
No target in view!
No target in view!
No target in view!
You see here 6 stones.
Found a leather armour.
You see here a +0 leather armour.
A quokka comes into view.
Found a stone staircase leading down.
A quokka is nearby!
A quokka is nearby!
You hit the quokka. Your punch misses the quokka.
The quokka is almost dead.
The quokka bites you.
You barely miss the quokka.
The quokka is almost dead.
The quokka bites you but does no damage.
You closely miss the quokka.
The quokka is almost dead.
The quokka bites you.
You hit the quokka.
You kill the quokka!
No target in view!
No target in view!
No target in view!
No target in view!
No target in view!
Okay, then.
Terence the Incautious comes into view.
He is wielding a +0 hand axe.
Terence shouts!
Terence asks, "Do you want it fast or slow?"
You see here a quokka corpse.
Terence is nearby!
Terence is nearby!
You hit Terence but do no damage. Terence hits you with a +0 hand axe.
You hit Terence.
Terence is lightly wounded.
Terence hits you with a +0 hand axe.
You hit Terence.
Terence is moderately wounded.
Terence closely misses you.
You hit Terence.
Terence is moderately wounded.
Terence misses you.
You hit Terence.
Terence is heavily wounded.
Terence hits you with a +0 hand axe.
Okay, then.
You hit Terence.
Terence is heavily wounded.
Terence hits you with a +0 hand axe.
* * * LOW HITPOINT WARNING * * *
You closely miss Terence.
Terence is heavily wounded.
Terence hits you with a +0 hand axe.
* * * LOW HITPOINT WARNING * * *
You hit Terence.
Terence is severely wounded.
You hit Terence.
Terence is severely wounded.
Terence hits you with a +0 hand axe.
You die...

#.##.##.# #.......#
#. # # #.##.#
#.......# .
#....########### .#
#............# ##
#.......#[#####.#
####.##.#.#####.####
#.##...........>. #
###.##.#..#.# #.##h#
# ........@....#
####.####..### #.#
.... #.. .### ### ##


You could see Terence.

Vanquished Creatures
  A worm (D:2)
  2 dart slugs (D:1)
  3 ball pythons (D:1)
  2 endoplasms
  3 giant cockroaches
  4 goblins
  5 kobolds
  A quokka (D:2)
  3 rats (D:2)
24 creatures vanquished.

Notes
Turn   | Place    | Note
-------+----------+-------------------------------------------
     0 | D:1      | Flugkiller the Deep Elf Shapeshifter began the quest for
                  | the Orb.
     0 | D:1      | Reached XP level 1. HP: 11/11 MP: 3/3
    35 | D:1      | Reached skill level 1 in Fighting
   457 | D:1      | Reached XP level 2. HP: 17/17 MP: 4/4
  1220 | D:2      | Reached XP level 3. HP: 16/21 MP: 5/5
  1394 | D:2      | Noticed Terence
  1403 | D:2      | Slain by Terence

Illustrated notes

Levels and vault maps discovered:
D:1:      nicolae_arrival_somewhat_less_tricky_arrival, layout_loops_corners,
          solitary_fountain, kennysheep_pointless_box
D:2:      layout_loops_cross, hellmonk_ecumenical_altar_leap_of_faith,
          uniq_terence

Skill      XL: |  1  2 |
---------------+-------+-----
Fighting       | 1 2 |  2.0
Dodging        | |  2.4
Unarmed Combat | |  2.4
Shapeshifting  | |  3.7

Action                     || total
---------------------------++-------
  Melee: Unarmed           ||    76
    Use: Scroll            ||     3
 Armour: Ring mail         ||    12
  Dodge: Dodged            ||    28

Table legend: (Time is in decaauts)
 A = Elapsed time spent in this place.
 B = Non-inter-level travel time spent in this place.
 C = Inter-level travel time spent in this place.
 D = Time resting spent in this place.
 E = Time spent auto-exploring this place.
 F = Levels seen in this place.
 G = Mean time per level.
                   A        B        C        D        E       F      G
               +--------+--------+--------+--------+--------+-----+--------+
         Total |   1399 |   1339 |     60 |    103 |   1050 |   2 |  699.5 |
       Dungeon |   1399 |   1339 |     60 |    103 |   1050 |   2 |  699.5 |
               +--------+--------+--------+--------+--------+-----+--------+

Top non-repeatable levels by time:
     D:1: 1045 daAuts
     D:2: 354 daAuts
